 Dungeon Crawl Stone Soup version 0.29-a0-356-g7bc237e783 (webtiles) character file.

Game seed: 9697458494438954451

21 domi the Magician (level 2, -2/19 HPs)
             Began as a Demonspawn Hedge Wizard on Apr 25, 2022.
             Slain by a quokka (3 damage)
             ... on level 1 of the Dungeon.
             The game lasted 00:02:26 (1134 turns).

domi the Magician (Demonspawn Hedge Wizard)         Turns: 1134, Time: 00:02:26

Health: -2/19      AC:  2    Str: 10    XL:     2   Next: 62%
Magic:  0/6        EV: 12    Int: 15    God:
Gold:   76         SH:  0    Dex: 12    Spells: 2/7 levels left

rFire   . . .      SeeInvis .   a - +0 dagger
rCold   . . .      Faith    .   (no shield)
rNeg    . . .      Spirit   .   b - +0 robe
rPois   .          Reflect  .   c - +0 hat
rElec   .          Harm     .   (no cloak)
rCorr   .          Rampage  .   (no gloves)
Will    .....                   (no boots)
Stlth   ++........              (no amulet)
HPRegen 0.06/turn               (no ring)
MPRegen 0.10/turn               (no ring)

@: no status effects
A: claws 1
a: no special abilities


You were on level 1 of the Dungeon.
You visited 1 branch of the dungeon, and saw 1 of its levels.

You collected 76 gold pieces.

Inventory:

Hand Weapons
 a - a +0 dagger (weapon)
Armour
 b - a +0 robe (worn)
 c - a +0 hat (worn)
Scrolls
 e - 3 scrolls of identify {unknown}


   Skills:
 - Level 1.7 Dodging
 - Level 1.7 Stealth
 - Level 3.0 Spellcasting
 * Level 2.7 Conjurations
 - Level 1.0 Summonings
 - Level 0.8 Translocations


You had 2 spell levels left.
You knew the following spells:

 Your Spells              Type           Power      Damage    Failure   Level
b - Blink                 Tloc           8%         N/A       22%         2
x - Call Imp              Summ           5%         N/A       21%         2
z - Magic Dart            Conj           40%        1d5       7%          1

Your spell library contained the following spells:

 Spells                   Type           Power      Damage    Failure   Level
 Foxfire                  Conj/Fire      24%        2x1d5     12%         1
 Freeze                   Ice            8%         1d3       21%         1
 Slow                     Hex            8%         N/A       21%         1
 Conjure Flame            Conj/Fire      6%         6-21      34%         3
 Mephitic Cloud           Conj/Pois/Air  4%         N/A       38%         3
 Frozen Ramparts          Ice            4%         1d2       52%         3
 Inner Flame              Hex/Fire       2%         N/A       52%         3
 Flame Wave               Conj/Fire      6%         2d5       75%         4
 Hailstorm                Conj/Ice       6%         3d4       75%         4


Dungeon Overview and Level Annotations

Branches:
Dungeon (1/15)

Altars:


Innate Abilities, Weirdness & Mutations

You have sharp fingernails.


Message History

The magic dart hits the quokka.
You now have 4/6 mp.
You can't see any susceptible monsters within range! (Use Z to cast anyway.)
You can't see any susceptible monsters within range! (Use Z to cast anyway.) Memorise Call Imp, consuming 2 spell levels and leaving 4?
You start memorising the spell.
You continue memorising.
The quokka closely misses you. The quokka bites you.
Your memorisation is interrupted.
You take 1 damage, and have 18/19 hp.
Okay, then.
Aim: a quokka (lightly wounded, 100% to hit)
The magic dart hits the quokka but does no damage.
The quokka bites you but does no damage.
You now have 3/6 mp.
Aim: a quokka (lightly wounded, 100% to hit)
The magic dart hits the quokka.
The quokka misses you.
You now have 2/6 mp.
Aim: a quokka (almost dead, 100% to hit)
The magic dart hits the quokka but does no damage.
The quokka bites you.
You take 3 damage, and have 15/19 hp.
You now have 1/6 mp.
Aim: a quokka (almost dead, 100% to hit)
The magic dart hits the quokka.
You kill the quokka!
You now have 0/6 mp.
You start resting.
Health restored: 19; MP restored: 6 Memorise Call Imp, consuming 2 spell levels and leaving 4?
You start memorising the spell.
You continue memorising. x2
You finish memorising.
Spell assigned to 'x'.
Memorise Blink, consuming 2 spell levels and leaving 2?
You start memorising the spell.
You continue memorising. x2
You finish memorising.
Spell assigned to 'b'.
Okay, then.
Okay, then. 2 jackals come into view.
The jackal barks! x2; You hear a bark!
A jackal comes into view.
There are monsters nearby!
There are monsters nearby!
There are monsters nearby!
Aim: a jackal (100% to hit)
The magic dart hits the jackal.
You now have 5/6 mp.
Aim: a jackal (severely wounded, 100% to hit)
The magic dart hits the jackal but does no damage.
A quokka comes into view.
You now have 4/6 mp.
Aim: a jackal (severely wounded, 100% to hit)
The magic dart hits the jackal but does no damage.
You now have 3/6 mp.
Aim: a jackal (severely wounded, 100% to hit)
The magic dart hits the jackal.
You kill the jackal!
You now have 2/6 mp.
Aim: a jackal (100% to hit)
The magic dart hits the jackal.
The jackal bites you. The jackal closely misses you. The jackal bites you.
You take 4 damage, and have 15/19 hp.
MASSIVE DAMAGE!!
You now have 1/6 mp.
The jackal attacks as you move away! The jackal bites you.
The jackal bites you but does no damage.
You take 3 damage, and have 12/19 hp.
The jackal attacks as you move away! The jackal misses you.
You hit the jackal. The jackal barely misses you. x2
You hit the jackal. The jackal bites you.
You take 1 damage, and have 11/19 hp.
You closely miss the jackal. The jackal bites you.
The jackal barely misses you.
You take 1 damage, and have 10/19 hp.
You hit the jackal.
You kill the jackal!
You hit the jackal but do no damage. The jackal bites you.
You take 1 damage, and have 9/19 hp.
You hit the jackal but do no damage. The jackal bites you. x2
* * * LOW HITPOINT WARNING * * *
You take 4 damage, and have 5/19 hp.
MASSIVE DAMAGE!!
Aim: a jackal (100% to hit)
The magic dart hits the jackal.
The jackal bites you.
* * * LOW HITPOINT WARNING * * *
You take 2 damage, and have 3/19 hp.
You now have 1/6 mp.
Aim: a jackal (moderately wounded, 100% to hit)
The magic dart hits the jackal.
The jackal bites you.
* * * LOW HITPOINT WARNING * * *
The jackal barely misses you.
You take 2 damage, and have 1/19 hp.
You now have 0/6 mp.
You aren't carrying any potions.
Unknown command.
You aren't carrying any potions.
You barely miss the jackal. The jackal barely misses you.
You barely miss the jackal. The jackal misses you.
You hit the jackal.
You kill the jackal!
You aren't carrying any potions.
As you read the scroll labelled LEOROBB ORPHARI, it crumbles to dust.
Wisps of shadow whirl around you...
It was a scroll of summoning.
The quokka bites you.
You die...

...#...........# #.#
...#....######.####.#
...##..## #.........#
.#.##..####.##.######
...†.>..............#
.#.###.........####.#
.....#.........# .#
##.#.#.......[r####.#
##.#...####...gS@r..#
...###############†.#
###........ ...#
....^...... #...#
.##.######. ....#
....# .....# ##..#
...#.# .... #... .#
...#


You could see a quokka (ally target), a friendly hobgoblin (summoned), a
friendly ball python (summoned) and a friendly rat (summoned).

Vanquished Creatures
  A ball python (D:1)
  An endoplasm (D:1)
  8 jackals (D:1)
  2 quokkas (D:1)
  3 bats (D:1)
  2 frilled lizards (D:1)
  A kobold (D:1)
18 creatures vanquished.

Notes
Turn   | Place    | Note
-------+----------+-------------------------------------------
     0 | D:1      | domi the Demonspawn Hedge Wizard began the quest for the
                  | Orb.
     0 | D:1      | Reached XP level 1. HP: 13/13 MP: 4/4
    39 | D:1      | Found a faded altar of an unknown god.
   208 | D:1      | HP: 3/13 [jackal (2)]
   503 | D:1      | Reached skill level 2 in Conjurations
   529 | D:1      | Gained mutation: You have sharp fingernails. [demonic
                  | ancestry]
   529 | D:1      | Reached XP level 2. HP: 19/19 MP: 0/6
  1112 | D:1      | Learned a level 2 spell: Call Imp
  1115 | D:1      | Learned a level 2 spell: Blink
  1129 | D:1      | HP: 3/19 [jackal (2)]
  1130 | D:1      | HP: 1/19 [jackal (2)]
  1134 | D:1      | Slain by a quokka

Illustrated notes

Levels and vault maps discovered:
D:1:      minmay_arrival_open_corners, layout_basic,
          ebering_ecumenical_altar_hall

Skill      XL: |  1 |
---------------+----+-----
Conjurations   | 2 |  2.7
Dodging        | |  1.7
Stealth        | |  1.7
Spellcasting   | |  3.0
Summonings     | |  1.0
Translocations | |  0.8

Action                   || total
-------------------------++-------
Melee: Dagger            ||    32
 Cast: Magic Dart        ||    43
  Use: Potion            ||     2
       Scroll            ||     1
Armor: Robe              ||     7
Dodge: Dodged            ||    40

Table legend: (Time is in decaauts)
 A = Elapsed time spent in this place.
 B = Non-inter-level travel time spent in this place.
 C = Inter-level travel time spent in this place.
 D = Time resting spent in this place.
 E = Time spent auto-exploring this place.
 F = Levels seen in this place.
 G = Mean time per level.
                   A        B        C        D        E       F      G
               +--------+--------+--------+--------+--------+-----+--------+
         Total |   1134 |   1134 |      0 |    204 |    799 |   1 | 1134.0 |
       Dungeon |   1134 |   1134 |      0 |    204 |    799 |   1 | 1134.0 |
               +--------+--------+--------+--------+--------+-----+--------+

Top non-repeatable levels by time:
     D:1: 1134 daAuts

Table legend:
 A = Kills in this place as a percentage of kills in entire the game.
 B = Kills by you in this place as a percentage of kills by you in the entire game.
 C = Kills by friends in this place as a percentage of kills by friends in the entire game.
 D = Other kills in this place as a percentage of other kills in the entire game.
 E = Experience gained in this place as a percentage of experience gained in the entire game.
 F = Experience gained in this place divided by the number of levels of this place that you have seen.
                   A       B       C       D       E      F
               +-------+-------+-------+-------+-------+----------------------
         Total | 100.0 | 100.0 |   N/A |   N/A | 100.0 |  30.0
       Dungeon | 100.0 | 100.0 |   N/A |   N/A | 100.0 |  30.0
               +-------+-------+-------+-------+-------+----------------------
